 Dungeon Sprint DCSS version 0.21-a0-414-gba8bdf1 (webtiles) character file.

1396 Kidiri the Fighter (level 8, -4/85 HPs)
             Began as a Black Draconian Transmuter on Nov 2, 2017.
             Was a Believer of Wu Jian.
             Slain by a two-headed ogre
             ... wielding a +0 giant club
              (17 damage)
             ... in the Dungeon (Sprint III: "The Ten Rune Challenge").
             The game lasted 00:05:15 (1342 turns).

Kidiri the Fighter (Black Draconian Transmuter)     Turns: 1342, Time: 00:05:16

Health: -4/85      AC:  2    Str: 13    XL:     8   Next: 41%
Magic:  5/16       EV: 24    Int: 14    God:    Wu Jian [**....]
Gold:   32         SH:  0    Dex: 18    Spells: 0/18 levels left

rFire    . . .     SeeInvis .     - Unarmed
rCold    . . .     Gourm    .   (shield currently unavailable)
rNeg     . . .     Faith    .   (armour unavailable)
rPois    x         Spirit   .   (helmet currently unavailable)
rElec    .         Reflect  .   (cloak currently unavailable)
rCorr    .         Harm     .   (gloves currently unavailable)
MR       .....     NoTele   +   (boots currently unavailable)
Stlth    +++.......             (no amulet)
HPRegen  0.24/turn              (no ring)
MPRegen  0.15/turn              (no ring)

@: spider-form, very slightly contaminated
A: (breathe lightning), unfitting armour, robust 1, AC +6
a: End Transformation, Renounce Religion


You were in the Dungeon.
You worshipped Wu Jian.
Wu Jian was pleased with you.
You were very hungry.
You were a venomous arachnid creature.
You visited 1 branch You collected 32 gold pieces.

Inventory:

Hand Weapons
 t - a +0 short sword
 v - a +0 dagger
 x - a +0 dagger
 A - a +0 dagger
 C - a +1 long sword of holy wrath
Missiles
 a - 11 arrows
Armour
 h - a +0 pair of gloves (melded)
 w - a +0 robe
 z - a +0 robe
 B - a +0 robe
Scrolls
 i - a scroll of blinking
 l - 4 scrolls of remove curse
 m - a scroll of holy word {unknown}
 n - 2 scrolls of identify {unknown}
 q - a scroll of torment {unknown}
Potions
 d - a potion of curing
 f - a potion of haste
 g - 2 potions of magic
 j - 2 potions of mutation
 k - a potion of brilliance {unknown}
 p - 3 potions of flight
 s - a potion of berserk rage
Books
 b - a book of Changes

   Spells                             Type                      Level
   a - Beastly Appendage              Transmutation                1
   b - Sticks to Snakes               Transmutation                2
   c - Spider Form                    Transmutation/Poison         3
   d - Ice Form                       Ice/Transmutation            4
   e - Blade Hands                    Transmutation                5
 u - a book of Minor Magic

   Spells                             Type                      Level
   a - Magic Dart                     Conjuration                  1
   b - Blink                          Translocation                2
   c - Call Imp                       Summoning                    2
   d - Slow                           Hexes                        2
   e - Conjure Flame                  Conjuration/Fire             3
   f - Mephitic Cloud                 Conjuration/Poison/Air       3
 y - a book of Cantrips

   Spells                             Type                      Level
   a - Confusing Touch                Hexes                        1
   b - Animate Skeleton               Necromancy                   1
   c - Summon Small Mammal            Summoning                    1
   d - Apportation                    Translocation                1
Miscellaneous
 o - a phantom mirror
Comestibles
 c - a bread ration
 r - 2 royal jellies


   Skills:
 * Level 9.2 Fighting
 + Level 5.7 Dodging
 + Level 5.7 Stealth
 * Level 9.0 Unarmed Combat
 + Level 5.6 Spellcasting
 + Level 0.8 Conjurations
 * Level 8.6 Transmutations
 + Level 3.4 Ice Magic
 + Level 5.1 Poison Magic


You couldn't memorise any spells.
You knew the following spells:

 Your Spells              Type           Power        Failure   Level  Hunger
a - Beastly Appendage     Tmut           ####..       3%          1    None
b - Sticks to Snakes      Tmut           ####....     4%          2    ##.....
c - Spider Form           Tmut/Pois      ###.......   10%         3    ###....
d - Ice Form              Ice/Tmut       ###.....     32%         4    ####...
e - Blade Hands           Tmut           ####......   30%         5    ######.
f - Mephitic Cloud        Conj/Pois/Air  #.......     43%         3    ###....


Dungeon Overview and Level Annotations

Branches:
Dungeon (1/1)

Altars:
Cheibriados
Dithmenos
Elyvilon
Fedhas
Gozag
Hepliaklqana
Kikubaaqudgha
Makhleb
Nemelex Xobeh
Okawaru
Qazlal
Ru
Sif Muna
Trog
Uskayaw
Vehumet
Wu Jian
Xom
Yredelemnul
Zin
The Shining One
Beogh
Jiyva
Lugonu


Innate Abilities, Weirdness & Mutations

((You can breathe wild blasts of lightning.))
((Your glossy black scales are hard. (AC +6)))
You cannot fit into any form of body armour.
((You are resistant to electric shocks. (rElec)))
((You are cold-blooded and may be slowed by cold attacks.))
((You have a beak for a mouth.))
((You have large cloven feet.))
((You have a pair of small horns on your head.))
You are robust. (+10% HP)


Message History

Casting: Blade Hands
Confirm with . or Enter, or press ? or * to list all spells.
You turn into a venomous arachnid creature.
Your +0 pair of gloves melds into your body.
The two-headed ogre barely misses you. The two-headed ogre closely misses you.
Unknown command.
You attack the two-headed ogre from above.
You bite the two-headed ogre!
The two-headed ogre is moderately wounded.
The two-headed ogre is distracted by your jump.
The two-headed ogre shouts in stereo!
Unknown command.
You repeatedly attack the two-headed ogre from above.
You hit the two-headed ogre.
The two-headed ogre is heavily wounded.
You hit the two-headed ogre.
The two-headed ogre is poisoned.
The two-headed ogre is heavily wounded.
The two-headed ogre misses you.
The two-headed ogre hits you with a great mace!
You die...

.#..###+#+###+##
+#..#..........#
#...'.⌠........#
#...#...######'#
....#.⌠.#__#...#+# ##
# ....#...#__#...#..
.#.#
....#+###__#...##.#..#
....#...#__#...§##)#
....#___#__+...#sO.#
▓▓▓▓▓▓▓▓▓▓▓▓▓▓▓▓▓▓▓▓


You could see a two-headed ogre.

Vanquished Creatures
  A deep elf mage (D)
  A shadow (D)
  A spatial vortex (D)
  A necrophage (D)
  2 two-headed ogres (D)
  A water elemental (D)
  A jelly (D)
  A wizard (D)
  Jessica (D)
  A necromancer (D)
  3 humans (D)
  A kobold demonologist (D)
  A phantom (D)
  3 rats (D)
19 creatures vanquished.

Vanquished Creatures (others)
  2 draconian scorchers (D)
  6 hellions (D)
  2 yaktaurs (D)
  2 plants (D)
12 creatures vanquished.

Grand Total: 31 creatures vanquished

Notes
Turn   | Place    | Note
-------+----------+-------------------------------------------
     0 | D        | Kidiri the Draconian Transmuter began the quest for the Orb.
     0 | D        | Reached XP level 1. HP: 16/16 MP: 3/3
    53 | D        | Noticed Jessica
    66 | D        | Killed Jessica
    66 | D        | Reached skill level 1 in Stealth
    66 | D        | Reached XP level 2. HP: 13/26 MP: 2/5
    70 | D        | Learned a level 2 spell: Sticks to Snakes
    95 | D        | Killed a hellion
    95 | D        | Killed a hellion
    95 | D        | Killed a hellion
    96 | D        | Killed a hellion
    97 | D        | Killed a hellion
   177 | D        | Killed a white draconian scorcher
   213 | D        | Killed a hellion
   236 | D        | Reached XP level 3. HP: 31/31 MP: 2/7
   267 | D        | Gained mutation: Potions are less effective at restoring your health. [potion of mutation]
   267 | D        | Gained mutation: You occasionally shout uncontrollably at your foes. [potion of mutation]
   267 | D        | Gained mutation: Your mind is acute. (Int +2) [potion of mutation]
   267 | D        | Gained mutation: You have large cloven feet. [potion of mutation]
   268 | D        | Lost mutation: Your mind is acute. (Int +2) [potion of mutation]
   268 | D        | Lost mutation: You occasionally shout uncontrollably at your foes. [potion of mutation]
   268 | D        | Lost mutation: You have large cloven feet. [potion of mutation]
   268 | D        | Gained mutation: Your magical capacity is low. (-10% MP) [potion of mutation]
   268 | D        | Gained mutation: Your mind is acute. (Int +2) [potion of mutation]
   269 | D        | Lost mutation: Your mind is acute. (Int +2) [potion of mutation]
   269 | D        | Lost mutation: Your magical capacity is low. (-10% MP) [potion of mutation]
   269 | D        | Lost mutation: Potions are less effective at restoring your health. [potion of mutation]
   269 | D        | Gained mutation: You have a pair of small horns on your head. [potion of mutation]
   269 | D        | Gained mutation: You are robust. (+10% HP) [potion of mutation]
   269 | D        | Gained mutation: You have large cloven feet. [potion of mutation]
   269 | D        | Gained mutation: You have a beak for a mouth. [potion of mutation]
   274 | D        | Learned a level 3 spell: Spider Form
   275 | D        | Killed a yaktaur
   288 | D        | Killed a white draconian scorcher
   416 | D        | Killed a yaktaur
   457 | D        | Noticed a water elemental
   467 | D        | Killed a water elemental
   467 | D        | Reached skill level 5 in Unarmed Combat
   467 | D        | Reached skill level 1 in Poison Magic
   467 | D        | Reached XP level 4. HP: 15/45 MP: 4/8
   719 | D        | Found an ornate altar of the Wu Jian Council.
   719 | D        | Found a roughly hewn altar of Beogh.
   719 | D        | Found an iron altar of Okawaru.
   719 | D        | Found a bloodstained altar of Trog.
   719 | D        | Found a hide-covered altar of Uskayaw.
   719 | D        | Noticed a human
   719 | D        | Noticed a human
   728 | D        | Killed a human
   728 | D        | Reached skill level 5 in Transmutations
   728 | D        | Reached XP level 5. HP: 30/55 MP: 6/11
   733 | D        | Killed a human
   733 | D        | Reached XP level 6. HP: 37/66 MP: 6/12
   746 | D        | Became a worshipper of the Wu Jian Council
   874 | D        | Learned a level 4 spell: Ice Form
   882 | D        | Found a radiant altar of Vehumet.
   883 | D        | Found a deep blue altar of Sif Muna.
   883 | D        | Found an ancient bone altar of Kikubaaqudgha.
   887 | D        | Noticed an ice devil
  1014 | D        | Found a glowing silver altar of Zin.
  1015 | D        | Found a glowing golden altar of the Shining One.
  1015 | D        | Found a white marble altar of Elyvilon.
  1015 | D        | Noticed a deep elf mage
  1029 | D        | Killed a deep elf mage
  1029 | D        | Reached * piety under Wu Jian
  1029 | D        | Reached skill level 5 in Dodging
  1029 | D        | Reached skill level 5 in Stealth
  1029 | D        | Reached skill level 5 in Spellcasting
  1029 | D        | Your scales start taking on a glossy black colour.
  1029 | D        | Reached XP level 7. HP: 74/74 MP: 11/14
  1029 | D        | Gained mutation: You are resistant to electric shocks. (rElec) [Black Draconian growth]
  1057 | D        | Learned a level 5 spell: Blade Hands
  1168 | D        | Found a basalt altar of Yredelemnul.
  1168 | D        | Found a shadowy altar of Dithmenos.
  1168 | D        | Found a sacrificial altar of Ru.
  1276 | D        | Noticed a shadow
  1280 | D        | Killed a shadow
  1280 | D        | Reached ** piety under Wu Jian
  1280 | D        | Reached XP level 8. HP: 74/82 MP: 9/16
  1289 | D        | Found a blossoming altar of Fedhas.
  1289 | D        | Found a stormy altar of Qazlal.
  1290 | D        | Found a snail-covered altar of Cheibriados.
  1290 | D        | Found a burning altar of Makhleb.
  1290 | D        | Found a hazy altar of Hepliaklqana.
  1290 | D        | Found a shimmering altar of Xom.
  1290 | D        | Found an opulent altar of Gozag.
  1290 | D        | Found a sparkling altar of Nemelex Xobeh.
  1290 | D        | Found a corrupted altar of Lugonu.
  1290 | D        | Found a viscous altar of Jiyva.
  1296 | D        | Reached skill level 5 in Poison Magic
  1315 | D        | Learned a level 3 spell: Mephitic Cloud
  1342 | D        | Slain by a two-headed ogre

Vault maps used:
D:        dungeon_sprint_mu

Skill      XL: |  1  2  3  4  5  6  7  8 |
---------------+-------------------------+-----
Fighting       | 3 4 6 7 8 9 |  9.2
Dodging        | 2 3 4 5 |  5.7
Stealth        | 1 2 3 4 5 |  5.7
Unarmed Combat | 4 5 6 7 8 9 |  9.0
Transmutations | 3 4 5 6 7 8 |  8.6
Spellcasting   | 3 4 5 |  5.6
Poison Magic   | 1 2 3 4 5 |  5.1
Ice Magic      | 2 3 |  3.4
Conjurations   | |  0.8

Action                   |  1- 3 |  4- 6 |  7- 9 || total
-------------------------+-------+-------+-------++-------
Melee: Unarmed           |    29 |    21 |    19 ||    69
       Tailslap          |     4 |       |     2 ||     6
       Headbutt          |     4 |       |     2 ||     6
       Kick              |       |       |     3 ||     3
       Peck              |       |       |     2 ||     2
       Punch             |       |       |     1 ||     1
 Cast: Beastly Appendage |     3 |       |       ||     3
       Sticks to Snakes  |     1 |       |       ||     1
       Spider Form       |     1 |     3 |     1 ||     5
       Blade Hands       |       |       |     3 ||     3
  Use: Potion            |     4 |       |     1 ||     5
 Stab: Sleeping          |     2 |     2 |     1 ||     5
  Eat: Chunk             |       |     1 |     1 ||     2
       Fruit             |       |       |     1 ||     1
Armor: Skin              |     3 |     2 |       ||     5
Dodge: Dodged            |    11 |    15 |     7 ||    33

Table legend:
 A = Spawn XP
 B = Non-spawn XP
 C = Spawn XP percentage of total XP
 D = Spawn monster count
 E = Non-spawn monster count
 F = Spawn count percentage of total count
 G = Total turns spent on level
                    A         B        C        D         E        F      G
               +---------+---------+-------+---------+---------+-------+---------
         Total |       0 |    1995 |   0.0 |       0 |      19 |   0.0 |  1342
               +---------+---------+-------+---------+---------+-------+---------
             D |       0 |    1995 |   0.0 |       0 |      19 |   0.0 |  1342
               +---------+---------+-------+---------+---------+-------+---------
